 Dungeon Crawl Stone Soup version 0.25-a0-413-g3b4b6a4ccc (webtiles) character file.

Game seed: 12609043636989002846, levelgen mode: deterministic

285 tilp the Gusty (level 6, -3/32 HPs)
             Began as a Tengu Air Elementalist on Jan 16, 2020.
             Was a Follower of Zin.
             Slain by an ogre
             ... wielding a +0 giant club
              (13 damage)
             ... on level 4 of the Dungeon.
             The game lasted 00:09:00 (4291 turns).

tilp the Gusty (Tengu Air Elementalist)             Turns: 4291, Time: 00:09:01

Health: -3/32      AC:  2    Str:  9    XL:     6   Next: 29%
Magic:  9/10       EV: 12    Int: 17    God:    Zin [*.....]
Gold:   145        SH:  0    Dex: 14    Spells: 3/9 levels left

rFire    . . .     SeeInvis .   p - +0 war axe
rCold    . . .     Gourm    .   (no shield)
rNeg     . . .     Faith    .   a - +0 robe
rPois    .         Spirit   .   (helmet restricted)
rElec    .         Reflect  .   (no cloak)
rCorr    .         Harm     .   (no gloves)
MR       .....                  (boots unavailable)
Stlth    ++........             s - amulet of magic regeneration
HPRegen  0.10/turn              (no ring)
MPRegen  0.37/turn              (no ring)

@: no status effects
A: beak, talons 3, able to fly
a: Fly, Recite, Donate Gold, Renounce Religion


You were on level 4 of the Dungeon.
You worshipped Zin.
Zin was aware of your devotion.
You were hungry.

You visited 1 branch of the dungeon, and saw 4 of its levels.

You collected 161 gold pieces.
You donated 16 gold pieces to Zin.

Inventory:

Hand Weapons
 j - a +0 mace
 p - a +0 war axe (weapon)
 w - a cursed -3 rapier
Missiles
 e - 35 stones
 l - 9 poisoned darts
 m - 4 curare-tipped darts (quivered)
 o - 22 sling bullets
Armour
 a - a +0 robe (worn)
 u - a +0 buckler of protection
Jewellery
 s - an amulet of magic regeneration (around neck)
Scrolls
 g - a scroll of magic mapping
 h - a scroll of remove curse
 i - a scroll of teleportation {unknown}
 k - a scroll of blinking {unknown}
 q - a scroll of immolation
 r - a scroll of enchant armour {unknown}
 v - 2 scrolls of fog
Potions
 b - 2 potions of cancellation
 d - a potion of magic {unknown}
 f - 3 potions of might
 n - a potion of resistance
 t - a potion of lignification {unknown}
Comestibles
 c - 6 rations


   Skills:
 - Level 2.1 Dodging
 - Level 2.0 Stealth
 + Level 1.8 Shields
 - Level 2.0 Spellcasting
 - Level 6.0 Conjurations
 - Level 6.1 Air Magic


You had 3 spell levels left.
You knew the following spells:

 Your Spells              Type           Power        Failure   Level  Hunger
a - Shock                 Conj/Air       ###.         1%          1    #......
b - Swiftness             Chrm/Air       ##......     9%          2    ###....
c - Static Discharge      Conj/Air       ###.....     4%          3    ###....

Your spell library contained the following spells:

 Spells                   Type           Power        Failure   Level  Hunger
 Confusing Touch          Hex            #.......     50%         3    ###....
 Gell's Gravitas          Tloc           #.........   50%         3    ###....
 Airstrike                Air            ###.......   16%         4    #####..
 Lightning Bolt           Conj/Air       ###.......   41%         5    ######.
 Petrify                  Tmut/Erth      #.......     88%         4    #####..
 Metabolic Englaciation   Hex/Ice        #.........   99%         5    ######.
 Yara's Violent Unravell  Hex/Tmut       #.........   99%         5    ######.


Dungeon Overview and Level Annotations

Branches:
Dungeon (4/15)
 Temple: D:4-7

Altars:
Cheibriados
Elyvilon
Zin

Annotations:
D:2 Natasha


Innate Abilities, Weirdness & Mutations

You have a beak for a mouth.
You have claws for feet.
You can fly continuously.


Message History

You kill the hound!
Throwing (i - inventory. (/) - cycle)
m - 5 curare-tipped darts (quivered)
Press: ? - help, Shift-Dir - straight line, f - ogre
Aim: an ogre, wielding a +0 giant club You throw a curare-tipped dart.
The curare-tipped dart hits the ogre.
The ogre is poisoned.
The ogre convulses.
The ogre seems to slow down.
The ogre is heavily wounded.
The ogre hits you with a +0 giant club!
* * * LOW HITPOINT WARNING * * *
Unknown command.
The ogre is no longer moving slowly.
Casting: Shock (safe; 1% risk of failure)
Confirm with . or Enter, or press ? or * to list all spells.
Aiming: Shock (safe; 1% risk of failure)
Press: ? - help, Shift-Dir - straight line, f/p - ogre
Aim: an ogre, wielding a +0 giant club (severely wounded, poisoned)
The zap hits the ogre.
The ogre is almost dead.
The ogre hits you with a +0 giant club!
You die...

..P≈♣P# ...≈≈P#
...≈≈P# ....P≈#
......## .......#####
##### .......#...###
###...#
.......#.<...###@..>.#
...##..#........O....#
.#.##..###....♣....###
#.......O###.....###
.....###...##...##
......####.....##
..O...# #######
..##..# #. #.##


You could see an ogre.

Vanquished Creatures
  A scorpion (D:4)
  An orc wizard (D:3)
  2 hounds (D:4)
  A bullfrog skeleton (D:4)
  5 adders
  2 worms
  A dart slug (D:3)
  2 leopard geckos
  4 orcs (D:3)
  2 bats
  3 giant cockroaches
  9 goblins
  7 hobgoblins
  5 jackals
  3 kobolds
  3 quokkas
  2 ball pythons
  4 frilled lizards
  10 rats
67 creatures vanquished.

Notes
Turn   | Place    | Note
-------+----------+-------------------------------------------
     0 | D:1      | tilp the Tengu Air Elementalist began the quest for the
                  | Orb.
     0 | D:1      | Reached XP level 1. HP: 10/10 MP: 4/4
   255 | D:1      | Reached XP level 2. HP: 15/15 MP: 4/6
   773 | D:2      | Noticed a crimson imp
  1023 | D:2      | Reached XP level 3. HP: 19/19 MP: 4/7
  1027 | D:2      | Learned a level 2 spell: Swiftness
  1031 | D:2      | Learned a level 3 spell: Static Discharge
  1351 | D:2      | Found a snail-covered altar of Cheibriados.
  1573 | D:2      | Noticed Natasha
  2102 | D:3      | Reached XP level 4. HP: 11/24 MP: 3/8
  2108 | D:3      | Reached skill level 5 in Air Magic
  2356 | D:3      | Reached skill level 5 in Conjurations
  2607 | D:3      | Gained mutation: You can fly continuously. [Tengu growth]
  2607 | D:3      | Reached XP level 5. HP: 26/28 MP: 3/9
  2871 | D:3      | Found a glowing silver altar of Zin.
  2874 | D:3      | Became a worshipper of Zin the Law-Giver
  2874 | D:3      | Reached * piety under Zin
  3369 | D:3      | Found a white marble altar of Elyvilon.
  4015 | D:4      | Reached XP level 6. HP: 28/32 MP: 7/10
  4032 | D:4      | Reached skill level 1 in Shields
  4291 | D:4      | Slain by an ogre

Levels and vault maps discovered:
D:1:      dpeg_arrival_stonehenge_8_columns, layout_loops_ring
D:2:      layout_basic, overflow_temple_1_default, uniq_natasha
D:3:      layout_basic, nicolae_overflow_hidden_temple, zin_statuary,
          minmay_misc_feat_more_columns
D:4:      layout_cave_pools, minmay_temple_entry_mist, serial_bayou_lagoon_a,
          dk_noncrumbling_3, grunt_ministairs_12, st_stairs_6,
          dk_yredelemnul_ordeal, uniq_pikel, uniq_eustachio, uniq_grinder

Skill      XL: |  1  2  3  4  5  6 |
---------------+-------------------+-----
Conjurations   | 2 3 4 5 6 |  6.0
Air Magic      | 5 6 |  6.1
Shields        | 1 |  1.8
Dodging        | |  2.1
Stealth        | |  2.0
Spellcasting   | |  2.0

Action                   |  1- 3 |  4- 6 || total
-------------------------+-------+-------++-------
Melee: Mace              |    16 |     2 ||    18
       Kick              |     4 |     4 ||     8
       Peck              |     2 |     4 ||     6
       War axe           |       |    14 ||    14
Throw: Dart              |     1 |     7 ||     8
 Cast: Shock             |    69 |    71 ||   140
  Use: Scroll            |     4 |     5 ||     9
       Potion            |     2 |       ||     2
 Stab: Sleeping          |     1 |       ||     1
  Eat: Chunk             |     5 |     7 ||    12
Armor: Robe              |     6 |     5 ||    11
Dodge: Dodged            |    19 |    15 ||    34

Table legend:
 A = Non-vault XP
 B = Vault XP
 C = Vault XP percentage of total XP
 D = Non-vault monster count
 E = Vault monster count
 F = Vault count percentage of total count
                 A         B        C        D         E       F
            +---------+---------+-------+---------+---------+-------
      Total |     342 |      66 |  16.2 |      66 |       1 |   1.5
            +---------+---------+-------+---------+---------+-------
        D:1 |      17 |       0 |   0.0 |      12 |       0 |   0.0
        D:2 |      47 |       0 |   0.0 |      19 |       0 |   0.0
        D:3 |     148 |       0 |   0.0 |      30 |       0 |   0.0
        D:4 |     130 |      66 |  33.7 |       5 |       1 |  16.7
            +---------+---------+-------+---------+---------+-------
